 Dungeon Crawl Stone Soup version 0.30.1-9-gdf580d7c3d (webtiles) character file.

Game seed: 382178649751388031

70 Eitelfritz the Chiller (level 4, -1/30 HPs)
             Began as a Demonspawn Ice Elementalist on Oct 22, 2023.
             Slain by a gnoll
             ... wielding a +0 halberd
              (3 damage)
             ... on level 3 of the Dungeon.
             The game lasted 00:04:29 (1721 turns).

Eitelfritz the Chiller (DsIE)                       Turns: 1721, Time: 00:04:30

Health: -1/30      AC:  2    Str:  8    XL:     4   Next: 3%
Magic:  8/8        EV: 12    Int: 19    God:
Gold:   139        SH:  0    Dex: 13    Spells: 4/8 levels left

rFire   . . .        a - +0 short sword
rCold   . . .        (no shield)
rNeg    . . .        d - +0 robe
rPois   .            (no helmet)
rElec   .            (no cloak)
rCorr   .            (no gloves)
SInv    .            (no boots)
Will    .....        (no amulet)
Stlth   ++           (no ring)
HPRegen 0.25/turn    (no ring)
MPRegen 0.11/turn

%: no passive effects
@: no status effects
A: demonic guardian 1, ignite blood 1
a: no special abilities


You were on level 3 of the Dungeon.
You visited 1 branch of the dungeon, and saw 3 of its levels.

You collected 139 gold pieces.

Inventory:

Hand Weapons
 a - a +0 short sword (weapon)
Missiles
 n - 4 silver javelins
Armour
 d - a +0 robe (worn)
Magical Staves
 l - a staff of conjuration
Scrolls
 f - a scroll of immolation {unknown}
 g - a scroll of torment {unknown}
 k - a scroll of enchant weapon {unknown}
 m - 3 scrolls of identify {unknown}
 o - a scroll of vulnerability {unknown}
Potions
 b - a potion of magic
 c - a potion of curing {unknown}
 e - 2 potions of brilliance {unknown}
 h - 2 potions of lignification {unknown}
 i - 2 potions of ambrosia {unknown}
 j - a potion of berserk rage {unknown}


   Skills:
 + Level 0.2 Fighting
 + Level 0.5 Short Blades
 + Level 1.8 Dodging
 + Level 2.0 Stealth
 + Level 2.7 Spellcasting
 + Level 4.4 Ice Magic


You had 4 spell levels left.
You knew the following spells:

 Your Spells              Type           Power      Damage    Failure   Level
a - Freeze                Ice            76%        1d8       2%          1
b - Frozen Ramparts       Ice            38%        1d6       8%          3

Your spell library contained the following spells:

 Spells                   Type           Power      Damage    Failure   Level
 Ozocubu's Armour         Ice            19%        N/A       8%          3
 Summon Ice Beast         Ice/Summ       11%        N/A       54%         4


Dungeon Overview and Level Annotations

Branches:
Dungeon (3/15)

Altars:
Hepliaklqana


Innate Abilities, Weirdness & Mutations

A weak demonic guardian rushes to your aid.
Your demonic aura sometimes causes spilled blood to erupt in flames.


Message History

Found a stone staircase leading down.
Done exploring.
Done exploring.
There is a stone staircase leading down here.
You climb downwards.
The gnoll shouts! x2
There is a stone staircase leading up here.
There is a stone staircase leading up here.
Found a scroll labelled RAATEOSESCH.
The gnoll hits you with a +0 flail!
A demonic guardian appears!
Unknown command.
The gnoll attacks as you move away! The gnoll barely misses you.
The gnoll closely misses your ufetubus.
Your ufetubus hits the gnoll. x2; The gnoll closely misses your ufetubus.
Your ufetubus hits the gnoll. x3
The gnoll dies!
You swap places.
The gnoll hits you from afar with a +0 spear!
Your ufetubus hits the gnoll.
Your ufetubus closely misses the gnoll.
Your ufetubus hits the gnoll.
Your ufetubus barely misses the gnoll.
The gnoll is engulfed in blazing flames.
You kill the gnoll!
You have reached level 4!
You feel clever.
Your ufetubus disappears in a puff of smoke!
A gnoll is nearby!
Casting: Freeze (safe; 2% risk of failure)
Confirm with . or Enter, or press ? or * to list all spells.
The spell is quite dangerous to miscast (8% risk of failure)!
Continue anyway?
Okay, then.
Unknown command.
Unknown command.
Found a pair of gloves.
The gnoll hits you from afar with a +0 halberd!
* * * LOW HITPOINT WARNING * * *
A demonic guardian appears!
The gnoll misses you.
You swap places.
Your ufetubus hits the gnoll. x2
The gnoll hits you from afar with a +0 halberd.
You die...

#.# #.## #######.#
#.##.##...[....
#.##..........#
#.#####@#####. #.#
#5# #.# #g# #g#
#.# #)#####.#####.
####...g..........
#.................
#?########.#######
# ###


You could see a gnoll (ally target) and a friendly ufetubus (summoned).

Vanquished Creatures
  A gnoll (D:3)
  2 worms (D:2)
  2 dart slugs
  4 ball pythons (D:2)
  4 bats
  2 endoplasms
  A giant cockroach (D:2)
  3 goblins
  5 hobgoblins
  3 kobolds
  2 quokkas
  5 frilled lizards
34 creatures vanquished.

Vanquished Creatures (collateral kills)
  A gnoll (D:3)
  An endoplasm (D:2)
  A goblin (D:2)
  A quokka (D:1)
4 creatures vanquished.

Grand Total: 38 creatures vanquished

Notes
Turn   | Place    | Note
-------+----------+-------------------------------------------
     0 | D:1      | Eitelfritz the Demonspawn Ice Elementalist began the quest
                  | for the Orb.
     0 | D:1      | Reached XP level 1. HP: 13/13 MP: 3/3
   211 | D:1      | Gained mutation: A weak demonic guardian rushes to your
                  | aid. [demonic ancestry]
   211 | D:1      | Reached XP level 2. HP: 17/19 MP: 3/5
   252 | D:1      | Reached skill level 4 in Ice Magic
  1172 | D:2      | Gained mutation: Your demonic aura sometimes causes spilled
                  | blood to erupt in flames. [demonic ancestry]
  1172 | D:2      | Reached XP level 3. HP: 20/24 MP: 2/6
  1234 | D:2      | Found a hazy altar of Hepliaklqana.
  1241 | D:2      | Learned a level 3 spell: Frozen Ramparts
  1707 | D:3      | Reached XP level 4. HP: 11/30 MP: 6/8
  1721 | D:3      | Slain by a gnoll

Illustrated notes

Levels and vault maps discovered:
D:1:      amcnicky_arrival_blooded_trapdoor, layout_loops_corners
D:2:      layout_rooms, basic_altar
D:3:      layout_loops_ring, nicolae_overflow_hidden_temple,
          hellmonk_ecumenical_altar_crossroads

Skill      XL: |  1  2  3 |
---------------+----------+-----
Ice Magic      | 4 |  4.4
Stealth        | 2 |  2.0
Fighting       | |  0.2
Short Blades   | |  0.5
Dodging        | |  1.8
Spellcasting   | |  2.7

Action                     |  1- 3 |  4- 6 || total
---------------------------+-------+-------++-------
  Melee: Short sword       |     8 |       ||     8
   Cast: Freeze            |    49 |       ||    49
   Stab: Sleeping          |     6 |       ||     6
 Armour: Robe              |     8 |       ||     8
  Dodge: Dodged            |    23 |     1 ||    24
